 Dungeon Crawl Stone Soup version 0.21-a0-241-g2cbab09 (webtiles) character file.

3 Chiseanne the Magician (level 1, 0/10 HPs)
             Began as a Spriggan Wanderer on Sept 3, 2017.
             Slain by a rat (1 damage)
             ... on level 1 of the Dungeon.
             The game lasted 00:01:58 (499 turns).

Chiseanne the Magician (Spriggan Wanderer)           Turns: 499, Time: 00:01:59

Health: 0/10       AC:  2    Str:  8    XL:     1   Next: 41%
Magic:  6/6        EV: 16    Int: 13    God:
Gold:   9          SH:  0    Dex: 15    Spells: 8/8 levels left

rFire    . . .     SeeInvis +   a - -2 club (curse)
rCold    . . .     Gourm    .   (shield restricted)
rNeg     . . .     Faith    .   d - +0 robe
rPois    .         Spirit   .   (helmet restricted)
rElec    .         Reflect  .   (no cloak)
rCorr    .         Harm     .   (gloves unavailable)
MR       .....                  (boots unavailable)
Stlth    ++........             (no amulet)
HPRegen  0.03/turn              (no ring)
MPRegen  0.10/turn              (no ring)

@: very quick
A: unfitting armour, see invisible, herbivore 3, speed 3, slow metabolism 2
a: no special abilities


You were on level 1 of the Dungeon.
You were not hungry.

You visited 1 branch of the dungeon, and saw 1 of its levels.

You collected 9 gold pieces.

Inventory:

Hand Weapons
 a - a cursed -2 club (weapon)
 w - a +2 blowgun
Missiles
 e - 17 stones (quivered)
 g - 3 curare-tipped needles
 j - 17 bolts
Armour
 d - a +0 robe (worn)
Scrolls
 b - a scroll of blinking {unknown}
 i - a scroll of identify {unknown}
Potions
 c - a potion of lignification
Comestibles
 f - a bread ration
 h - a royal jelly


   Skills:
 - Level 1.0 Fighting
 - Level 1.0 Throwing
 * Level 1.1 Dodging
 * Level 0.9 Stealth
 - Level 1.5 Unarmed Combat
 - Level 4.0 Spellcasting
   Level 1.2 Hexes
   Level 1.0 Earth Magic
   Level 1.3 Evocations


You had 8 spell levels left.
You didn't know any spells.

Dungeon Overview and Level Annotations

Branches:
Dungeon (1/15)

Altars:


Innate Abilities, Weirdness & Mutations

You are very small and have problems with some larger weapons.
You are too small for most types of armour.
You have supernaturally acute eyesight. (SInv)
You are a herbivore.
You cover ground extremely quickly.
You need consume almost no food.


Message History

Found a fuming green potion.
A rat comes into view.
There is an open door here.
You miss the bat. The bat hits you but does no damage.
A rat comes into view.
You hit the bat.
The bat is severely wounded.
The bat hits you.
* * * LOW HITPOINT WARNING * * *
The rat moves out of view.
A hobgoblin comes into view.
There is an open door here.
The bat completely misses you.
You see here 17 bolts.
j - 17 bolts The ooze quivers.
The bat closely misses you. The bat hits you.
* * * LOW HITPOINT WARNING * * *
The rat bites you.
You die...

#......#..##.##.##....#
.......#..##.##.# ....#
..........##.##K# ....#
.....##.J....##.# ....
.....##..######J###..#
.....##...........#..##
.....##.#######...#...##%.#
......#...........b.g.....#
###############.@.#.......#
#..r####...!# #..%+ ...#
####### #...# ..# ......#
#.... .# ≈.....# #....# .
≈§....# #...(# ≈.....#
#....# ≈.....#


You could see an ooze, a hobgoblin, a bat, a kobold and a rat.

Vanquished Creatures
  A goblin (D:1)
  A kobold (D:1)
  A rat (D:1)
3 creatures vanquished.

Notes
Turn   | Place    | Note
-------+----------+-------------------------------------------
     0 | D:1      | Chiseanne the Spriggan Wanderer began the quest for the Orb.
     0 | D:1      | Chiseanne set off with: 3 curare-tipped needles, a +2 blowgun, a potion of lignification, a +0 robe, a bread ration
     0 | D:1      | Reached XP level 1. HP: 10/10 MP: 6/6
    29 | D:1      | Reached skill level 1 in Dodging
   499 | D:1      | Slain by a rat

Vault maps used:
D:1:      erik_arrival_gehennom, minmay_pentomino_s4

Skill      XL: |  1 |
---------------+----+-----
Dodging        | 1 |  1.1
Fighting       | |  1.0
Throwing       | |  1.0
Stealth        | |  0.9
Unarmed Combat | |  1.5
Spellcasting   | |  4.0
Hexes          | |  1.2
Earth Magic    | |  1.0
Evocations     | |  1.3

Action                   || total
-------------------------++-------
Melee: Club              ||    14
 Fire: Blowgun           ||     2
Armor: Robe              ||     3
Dodge: Dodged            ||    16

Table legend:
 A = Spawn XP
 B = Non-spawn XP
 C = Spawn XP percentage of total XP
 D = Spawn monster count
 E = Non-spawn monster count
 F = Spawn count percentage of total count
 G = Total turns spent on level
                    A         B        C        D         E        F      G
               +---------+---------+-------+---------+---------+-------+---------
         Total |       0 |       5 |   0.0 |       0 |       3 |   0.0 |   499
               +---------+---------+-------+---------+---------+-------+---------
           D:1 |       0 |       5 |   0.0 |       0 |       3 |   0.0 |   499
               +---------+---------+-------+---------+---------+-------+---------
